 Dungeon Crawl Stone Soup version 0.19-a0-1167-g79b6552 (webtiles) character file.

52 JeffiDaFish the Grave Robber (level 3, -1/19 HPs)
             Began as a Deep Elf Necromancer on Aug 14, 2016.
             Slain by a jackal (3 damage)
             ... on level 1 of the Dungeon.
             The game lasted 00:10:32 (2086 turns).

JeffiDaFish the Grave Robber (Deep Elf Necromancer) Turns: 2086, Time: 00:10:32

Health: -1/19      AC:  3    Str:  5    XL:     3   Next: 60%
Magic:  5/10       EV: 13    Int: 20    God:
Gold:   15         SH:  0    Dex: 15    Spells: 2 memorised, 7 levels left

rFire  . . .     SeeInvis .     g - +0 dagger
rCold  . . .     Gourm    .     a - +1 robe
rNeg   . . .     Faith    .     (no shield)
rPois  .         Spirit   .     (no helmet)
rElec  .         Dismiss  .     (no cloak)
rCorr  .         Reflect  .     (no gloves)
MR     .....     Harm     .     (no boots)
Stlth  ++........               (no amulet)
                                (no ring)
                                (no ring)

@: no status effects
A: no striking features
a: no special abilities


You were on level 1 of the Dungeon.
You were hungry.

You visited 1 branch of the dungeon, and saw 1 of its levels.

You collected 15 gold pieces.

Inventory:

Hand Weapons
 g - a +0 dagger (weapon)
 i - a +2 vampiric whip
Armour
 a - a +1 robe (worn)
 h - a +0 helmet
Scrolls
 e - a scroll of blinking
Potions
 d - a potion of flight
 f - a potion of lignification {unknown}
Books
 b - a book of Necromancy

   Spells                             Type                      Level
   a - Pain                           Necromancy                   1
   b - Animate Skeleton               Necromancy                   1
   c - Vampiric Draining              Necromancy                   3
   d - Regeneration                   Charms/Necromancy            3
   e - Animate Dead                   Necromancy                   4
   f - Control Undead                 Necromancy                   4
Comestibles
 c - a bread ration
 j - 2 chunks of flesh


   Skills:
 + Level 0.2 Fighting
 + Level 3.1 Dodging
 + Level 2.5 Stealth
 + Level 0.2 Unarmed Combat
 + Level 3.7 Spellcasting
 + Level 5.5 Necromancy


You had 7 spell levels left.
You knew the following spells:

 Your Spells              Type           Power        Failure   Level  Hunger
a - Pain                  Necr           ####         1%          1    None
b - Animate Skeleton      Necr           N/A          1%          1    None


Dungeon Overview and Level Annotations

Branches:
Dungeon (1/15)

Altars:


Message History

Confirm with . or Enter, or press ? or * to list all spells.
Aiming: Pain
Press: ? - help, Shift-Dir - straight line, f/p - giant cockroach
Aim: a giant cockroach (almost dead, clinging, chance to defeat MR: 96%)
The giant cockroach writhes in agony!
You kill the giant cockroach!
Casting: Pain
Confirm with . or Enter, or press ? or * to list all spells.
Aiming: Pain
Press: ? - help, Shift-Dir - straight line, f - rat
Aim: a rat (chance to defeat MR: 96%)
The rat writhes in agony!
You kill the rat!
Casting: Pain
Confirm with . or Enter, or press ? or * to list all spells.
Aiming: Pain
Press: ? - help, Shift-Dir - straight line, f - jackal
Aim: a jackal (chance to defeat MR: 96%)
The jackal writhes in agony!
The jackal bites you.
You die...

#.#. #.#. #########'#.
#.....##.... ###############
#.....##.... ..............#
#.....##.... ..............#
#.....##....
############..########...#####.#'
....r......#..sh@................
...J.rh... #..################'##
..h...J. #..# #....#
####h#######..# #....#
....ss.....#..# #....#
...###.s.r⌠'s.# #....#
....<.....J#..# #########.##
⌠...>...⌠..#..# #......##.#
'#######'###..# #......##.##


You could see a jackal and a giant cockroach.

Vanquished Creatures
  2 oozes (D:1)
  A giant gecko (D:1)
  3 giant cockroaches (D:1)
  7 goblins (D:1)
  4 hobgoblins (D:1)
  A jackal (D:1)
  4 kobolds (D:1)
  10 bats (D:1)
  A giant newt (D:1)
  10 rats (D:1)
43 creatures vanquished.

Notes
Turn   | Place    | Note
-------+----------+-------------------------------------------
     0 | D:1      | JeffiDaFish the Deep Elf Necromancer began the quest for the Orb.
     0 | D:1      | Reached XP level 1. HP: 10/10 MP: 6/6
     2 | D:1      | Found a runed door.
   201 | D:1      | Reached skill level 5 in Necromancy
   209 | D:1      | Learned a level 1 spell: Animate Skeleton
   482 | D:1      | Reached XP level 2. HP: 14/15 MP: 5/8
  1404 | D:1      | Reached XP level 3. HP: 18/19 MP: 6/10
  2086 | D:1      | Slain by a jackal

Vault maps used:
D:1:      dpeg_arrival_caged_fury, minmay_nonomino_d4

Skill      XL: |  1  2  3 |
---------------+----------+-----
Necromancy     | 5 |  5.5
Dodging        | 3 |  3.1
Fighting       | |  0.2
Stealth        | |  2.5
Unarmed Combat | |  0.2
Spellcasting   | |  3.7

Action                   || total
-------------------------++-------
Melee: Unarmed           ||    48
       Dagger            ||    38
 Cast: Pain              ||    53
       Animate Skeleton  ||     2
  Use: Scroll            ||     4
       Potion            ||     3
  Eat: Chunk             ||     3
Armor: Robe              ||    45
Dodge: Dodged            ||    94
